 Dungeon Crawl Stone Soup version 0.22.0-60-ga52c2fc (webtiles) character file.

50 sbiou the Charmwright (level 3, -2/29 HPs)
             Began as a Barachi Skald on Sept 10, 2018.
             Slain by a leopard gecko (3 damage)
             ... on level 2 of the Dungeon.
             The game lasted 00:05:27 (1365 turns).

sbiou the Charmwright (Barachi Skald)               Turns: 1365, Time: 00:05:28

Health: -2/29      AC:  5    Str: 13      XL:     3   Next: 79%
Magic:  6/6        EV: 11    Int: 12 (13) God:
Gold:   95         SH:  0    Dex:  9 (11) Spells: 5/6 levels left

rFire    . . .     SeeInvis .   a - +0 spear
rCold    . . .     Gourm    .   (no shield)
rNeg     . . .     Faith    .   k - +0 ring mail
rPois    .         Spirit   .   (no helmet)
rElec    .         Reflect  .   (no cloak)
rCorr    .         Harm     .   (no gloves)
MR       .....                  (no boots)
Stlth    ..........             (no amulet)
HPRegen  0.09/turn              (no ring)
MPRegen  0.10/turn              (no ring)

@: slow
A: +LOS, swims, slowness 1, strong legs 1
a: Hop


You were on level 2 of the Dungeon.
You were not hungry.

You visited 1 branch of the dungeon, and saw 2 of its levels.

You collected 95 gold pieces.

Inventory:

Hand Weapons
 a - a +0 spear (weapon)
Missiles
 h - 35 stones (quivered)
Armour
 k - a +0 ring mail (worn)
Scrolls
 b - a scroll of teleportation
 c - a scroll of remove curse
 f - a scroll of amnesia {unknown}
Potions
 e - a potion of brilliance
Comestibles
 d - 4 rations
 g - a chunk of flesh


   Skills:
 + Level 3.1 Fighting
 + Level 2.4 Polearms
 + Level 1.6 Armour
 + Level 2.3 Dodging
 + Level 2.3 Spellcasting
 + Level 4.0 Charms


You had 5 spell levels left.
You knew the following spells:

 Your Spells              Type           Power        Failure   Level  Hunger
a - Infusion              Chrm           ##..         11%         1    ##.....

Your spell library contained the following spells:

 Spells                   Type           Power        Failure   Level  Hunger
 Song of Slaying          Chrm           ##......     16%         2    ###....
 Shroud of Golubria       Chrm/Tloc      #.........   36%         2    ###....
 Regeneration             Chrm/Necr      #.........   58%         3    ####...
 Spectral Weapon          Hex/Chrm       #.......     58%         3    ####...


Dungeon Overview and Level Annotations

Branches:
Dungeon (2/15)

Altars:


Innate Abilities, Weirdness & Mutations

Shadows flee at your approach. (+LOS)
You can swim through water.
You cover ground slowly.
You can hop short distances.


Message History

There is a large open door here.
You hit the bat.
You kill the bat!
h - 34 stones (gained 1)
h - 35 stones (gained 1) Magic restored.
You open the large door.
A frilled lizard, a leopard gecko, a bat and a rat come into view.
The leopard gecko hisses angrily.
The bat closely misses you.
Found four items.
You are too injured to fight recklessly!
You completely miss the frilled lizard. The bat hits you but does no damage.
You miss the frilled lizard. The bat closely misses you.
The leopard gecko bites you.
* * * LOW HITPOINT WARNING * * *
The frilled lizard bites you.
* * * LOW HITPOINT WARNING * * *
The bat closely misses you. The leopard gecko bites you.
You die...

#..#.#''#.#.........##.#
#....#..#...###.#...##.##
#..########.###..........
#..'.#=$#.).....#...##.##
#.)'.#??#.'.#####......#
#..###..###.# ##.#####
#....#..#...# #.#
#.†#.#'l#.#[# #+#
#.....rl@...#
#.......b.### #####.##.##
#######.#...####
................+
#######......####
#.....## ####.## #.#


You could see a leopard gecko, a bat, a frilled lizard and a rat.

Vanquished Creatures
  An adder (D:2)
  A gnoll (D:2)
  A dart slug (D:1)
  2 leopard geckos
  3 giant cockroaches
  5 goblins
  3 hobgoblins
  A ball python (D:1)
  4 bats
  3 frilled lizards
  2 kobolds (D:1)
  A rat (D:2)
27 creatures vanquished.

Notes
Turn   | Place    | Note
-------+----------+-------------------------------------------
     0 | D:1      | sbiou the Barachi Skald began the quest for the Orb.
     0 | D:1      | Reached XP level 1. HP: 17/17 MP: 3/3
   420 | D:1      | Reached XP level 2. HP: 22/23 MP: 0/5
  1230 | D:2      | Reached XP level 3. HP: 21/28 MP: 6/6
  1277 | D:2      | Reached skill level 4 in Charms
  1365 | D:2      | HP: 1/29 [frilled lizard (3)]
  1365 | D:2      | Slain by a leopard gecko

Skill      XL: |  1  2  3 |
---------------+----------+-----
Charms         | 4 |  4.0
Fighting       | 3 |  3.1
Polearms       | |  2.4
Armour         | |  1.6
Dodging        | |  2.3
Spellcasting   | |  2.3

Action                   || total
-------------------------++-------
Melee: Spear             ||   136
Throw: Stone             ||     2
 Cast: Infusion          ||     3
  Use: Scroll            ||     5
       Potion            ||     2
  Eat: Chunk             ||     2
Armor: Ring mail         ||    65
Dodge: Dodged            ||    95
